 Dungeon Crawl Stone Soup version 0.29-a0-732-g3d7fbe0af2 (webtiles) character file.

Game seed: 852077604886204985

144 tsouns the Cudgeller (level 5, -7/46 HPs)
             Began as a Meteoran Fighter on June 29, 2022.
             Was an Initiate of Okawaru.
             Mangled by an ice beast (12 damage)
             ... on level 5 of the Dungeon.
             The game lasted 00:04:09 (908 turns).

tsouns the Cudgeller (Meteoran Fighter)              Turns: 908, Time: 00:04:10

Health: -7/46      AC:  7    Str: 17    XL:     5   Next: 81%
Magic:  6/6        EV:  9    Int: 11    God:    Okawaru [......]
Gold:   97         SH:  5    Dex: 14    Spells: 4/4 levels left

rFire   . . .      SeeInvis .   a - +0 flail
rCold   . . .      Faith    .   i - +0 buckler
rNeg    . . .      Spirit   .   b - +0 scale mail
rPois   .          Reflect  .   (no helmet)
rElec   .          Harm     .   (no cloak)
rCorr   .          Rampage  .   (no gloves)
Will    .....                   (no boots)
Stlth   ..........              (no amulet)
HPRegen 0.15/turn               (no ring)
MPRegen 0.10/turn               (no ring)

@: glowing
A: sense surroundings 1, otherworldly, glowing, explore regen
a: Renounce Religion


You were on level 5 of the Dungeon.
You worshipped Okawaru.
Okawaru was noncommittal.
You visited 1 branch of the dungeon, and saw 5 of its levels.

You collected 97 gold pieces.

Inventory:

Hand Weapons
 a - a +0 flail (weapon)
Armour
 b - a +0 scale mail (worn)
 c - a +0 buckler
 i - a +0 buckler (worn)
Scrolls
 e - 6 scrolls of identify {unknown}
Potions
 d - 4 potions of might
 f - a potion of attraction {unknown}
 g - a potion of mutation {unknown}
 h - a potion of heal wounds {unknown}


   Skills:
 + Level 3.8 Fighting
 * Level 5.1 Maces & Flails
 + Level 4.3 Armour
 - Level 0.6 Dodging
 + Level 4.4 Shields
 + Level 1.0 Invocations


You had 4 spell levels left.
You didn't know any spells.
Your spell library contained the following spells:

 Spells                   Type           Power      Damage    Failure   Level
 Gell's Gravitas          Tloc           0%         N/A       99%         3
 Lesser Beckoning         Tloc           0%         N/A       99%         3
 Teleport Other           Tloc           0%         N/A       99%         3


Dungeon Overview and Level Annotations

Branches:
Dungeon (5/15) Zot: 2048
 Temple: D:4-7

Altars:
Nemelex Xobeh
Okawaru
Ru
Vehumet
Wu Jian

Annotations:
D:5 2 runed translucent doors


Innate Abilities, Weirdness & Mutations

You passively map a small area around you.
You are easily found by Zot.
You glow in the dark.
You regain HP and MP as you explore.


Message History

Found a large runed translucent door.
Found 2 viscous clear potions and a book of Party Tricks.
The killer bee buzzes angrily.
Found a twisted smoking staff and a spear.
The vampire mosquito buzzes angrily.
Found a sling.
You open the door.
An orc priest comes into view. It is wielding a +0 club.
The orc priest shouts!
You sock the orc priest!
The orc priest is heavily wounded.
The orc priest invokes the aid of Beogh against you.
Beogh smites you!
You barely miss the orc priest.
The orc priest is heavily wounded.
An iguana comes into view.
The orc priest calls down the wrath of Beogh upon you.
Pain shoots through your body!
You are too injured to fight recklessly!
You are too injured to fight recklessly!
You sock the orc priest!
You kill the orc priest!
Okawaru accepts your kill.
An ice beast comes into view.
The iguana attacks as you move away! The iguana bites you.
You aren't carrying any items that you can evoke.
You sock the iguana!
The iguana is severely wounded.
The iguana bites you!
* * * LOW HITPOINT WARNING * * *
You sock the iguana!
You kill the iguana!
Okawaru accepts your kill.
The ice beast hits you but does no damage.
Your Maces & Flails skill increases to level 5!
Your Invocations skill increases to level 1!
You hit the ice beast but do no damage. The ice beast hits you.
* * * LOW HITPOINT WARNING * * *
The ice beast freezes you!
You die...

, * , ##8..8##..#
, #8....8#..# * *
#)....|#..., , *
* #:!...)#.. *
#8....8#.#,
#####8y.8##.# ..
, ,, *
#.).##++##..# .#
* ,
#..#.Y@.....###.#
* ##
#.###...###..#
#.# #..## #..# **
* *..#
#..####.#### *. ,
..##
##..##.....###..
, ###
#..............
#..###.........
#.>.## ##<.......
##..# ##.......


You could see a vampire mosquito and an ice beast.

Vanquished Creatures
  An orc priest (D:5)
  An iguana (D:5)
  An orc wizard (D:4)
  2 adders
  A worm (D:2)
  A dart slug (D:3)
  3 orcs
  3 ball pythons
  A bat (D:1)
  4 endoplasms
  A giant cockroach (D:3)
  4 goblins
  3 hobgoblins (D:1)
  4 jackals (D:3)
  2 kobolds
  2 quokkas
  A frilled lizard (D:2)
35 creatures vanquished.

Notes
Turn   | Place    | Note
-------+----------+-------------------------------------------
     0 | D:1      | tsouns the Meteoran Fighter began the quest for the Orb.
     0 | D:1      | Reached XP level 1. HP: 19/19 MP: 2/2
    44 | D:1      | Reached skill level 3 in Maces & Flails
    44 | D:1      | Reached XP level 2. HP: 21/26 MP: 3/3
   252 | D:2      | Reached XP level 3. HP: 29/31 MP: 4/4
   498 | D:3      | Reached XP level 4. HP: 29/39 MP: 5/5
   500 | D:3      | Found a sparkling altar of Nemelex Xobeh.
   500 | D:3      | Found an ornate altar of the Wu Jian Council.
   500 | D:3      | Found an iron altar of Okawaru.
   501 | D:3      | Found a radiant altar of Vehumet.
   509 | D:3      | Became a worshipper of Warmaster Okawaru
   549 | D:3      | Found a sacrificial altar of Ru.
   556 | D:3      | Reached skill level 4 in Maces & Flails
   608 | D:3      | Found a faded altar of an unknown god.
   862 | D:4      | Reached XP level 5. HP: 39/46 MP: 6/6
   883 | D:5      | Entered Level 5 of the Dungeon
   887 | D:5      | Found a large runed translucent door.
   888 | D:5      | Found a large runed translucent door.
   890 | D:5      | Noticed a vampire mosquito
   903 | D:5      | Noticed an ice beast
   908 | D:5      | Reached skill level 5 in Maces & Flails
   908 | D:5      | Reached skill level 1 in Invocations
   908 | D:5      | Mangled by an ice beast

Illustrated notes

Levels and vault maps discovered:
D:1:      sevenhm_arrival_forest_fort_small_5, layout_basic
D:2:      layout_loops_ring, minmay_close_crescents
D:3:      layout_loops_corners, grunt_temple_overflow_open,
          nicolae_ru_awakened_eye, hellmonk_ecumenical_altar_pennies_from_heaven
D:4:      minmay_polygon_palace, layout_basic, serial_shops,
          kennysheep_mini_moat, shop, shop_statue
D:5:      layout_layer_cave, minmay_hollow_rounded_squares

Skill      XL: |  1  2  3  4  5 |
---------------+----------------+-----
Maces & Flails | 3 4 5 |  5.1
Shields        | 4 |  4.4
Armour         | 4 |  4.3
Invocations    | 1 |  1.0
Fighting       | |  3.8
Dodging        | |  0.6

Action                   |  1- 3 |  4- 6 || total
-------------------------+-------+-------++-------
Melee: Flail             |    92 |    48 ||   140
Armor: Scale mail        |    50 |    19 ||    69
Dodge: Dodged            |    40 |    13 ||    53
Block: Buckler           |    22 |     9 ||    31

Table legend: (Time is in decaauts)
 A = Elapsed time spent in this place.
 B = Non-inter-level travel time spent in this place.
 C = Inter-level travel time spent in this place.
 D = Time resting spent in this place.
 E = Time spent auto-exploring this place.
 F = Levels seen in this place.
 G = Mean time per level.
                   A        B        C        D        E       F      G
               +--------+--------+--------+--------+--------+-----+--------+
         Total |    950 |    877 |     73 |      0 |    304 |   5 |  190.0 |
       Dungeon |    950 |    877 |     73 |      0 |    304 |   5 |  190.0 |
               +--------+--------+--------+--------+--------+-----+--------+

Top non-repeatable levels by time:
     D:3: 490 daAuts
     D:1: 236 daAuts
     D:2: 116 daAuts
     D:4: 81 daAuts
     D:5: 25 daAuts
